 Dungeon Crawl Stone Soup version 0.23-a0-582-g1b4a0ca (webtiles) character file.

69755 gruber the Brawler (level 14, -10/222 (223) HPs)
             Began as a Troll Berserker on Dec 16, 2018.
             Was a High Priest of Trog.
             Shot with an arrow by Nessos (13 damage)
             ... on level 15 of the Dungeon.
             The game lasted 00:36:19 (17804 turns).

gruber the Brawler (Troll Berserker)               Turns: 17804, Time: 00:36:20

HP:   -10/222 (223) AC: 10    Str: 33    XL:     14   Next: 91%
MP:   13/13         EV: 15    Int:  3    God:    Trog [*****.]
Gold: 816           SH:  0    Dex: 13    Spells: 13/13 levels left

rFire    + . .     SeeInvis +     - Unarmed
rCold    . . .     Gourm    +   (no shield)
rNeg     . . .     Faith    .   m - +2 robe {rF+}
rPois    .         Spirit   .   U - +0 hat
rElec    .         Reflect  .   R - +2 cloak of the Thief {+Fog Slay-2 SInv Stlth+}
rCorr    .         Harm     .   (gloves unavailable)
MR       ++++.                  (boots unavailable)
Stlth    ..........             y - amulet of regeneration
HPRegen  2.27/turn              F - ring "Milon" {Wiz MR+}
MPRegen  0.13/turn              g - ring of stealth

@: berserking, lethally poisoned (-10 -> -20), regenerating, very quick
A: large, unfitting armour, claws 3, fast metabolism 3, gourmand, regeneration
1, shaggy fur 1, tough skin 2
a: Berserk, Trog's Hand, Brothers in Arms, Renounce Religion, Evoke Fog


You were on level 15 of the Dungeon.
You worshipped Trog.
Trog was extremely pleased with you.
You were not hungry.

You visited 2 branches of the dungeon, and saw 21 of its levels.
You also visited: Sewer.

You collected 1565 gold pieces.
You spent 749 gold pieces at shops.

Inventory:

Hand Weapons
 N - the +6 giant club of the Desert {drain, +Inv SInv}
   (Trog gifted it to you on level 6 of the Lair of Beasts)

   A truly terrible weapon, it drains the life of those it strikes.
   It lets you see invisible.
   It lets you turn invisible.
Missiles
 l - 641 stones
 x - 22 large rocks (quivered)
Armour
 m - a +2 robe of fire resistance (worn)
 B - a +1 cloak of magic resistance
 R - the +2 cloak of the Thief (worn) {+Fog Slay-2 SInv Stlth+}
   (You bought it in a shop on level 5 of the Dungeon)

   It affects your accuracy and damage with ranged weapons and melee attacks
   (-2).
   It lets you see invisible.
   It makes you more stealthy.
 U - a +0 hat (worn)
Jewellery
 c - an uncursed amulet of the acrobat {unknown}
 g - a ring of stealth (right claw)
 s - an uncursed amulet of the acrobat {unknown}
 t - an uncursed ring of protection from magic
 y - an amulet of regeneration (around neck)
 F - the ring "Milon" (left claw) {Wiz MR+}
   (You found it on level 10 of the Dungeon)

   [ring of wizardry]

   It improves your spell success rate.
   It affects your resistance to hostile enchantments.
 P - an uncursed ring of see invisible {unknown}
 Q - an uncursed ring of resist corrosion {unknown}
Wands
 j - a wand of iceblast (32)
 n - a wand of flame (39)
 H - a wand of clouds (11)
 I - a wand of digging (7)
 O - a wand of disintegration (19)
 S - a wand of random effects (19)
Scrolls
 d - 16 scrolls of teleportation
 e - 19 scrolls of identify
 f - 4 scrolls of immolation {unknown}
 h - 7 scrolls of amnesia {unknown}
 i - 10 scrolls of remove curse
 o - 4 scrolls of magic mapping {unknown}
 r - 4 scrolls of fear {unknown}
 u - 5 scrolls of enchant armour
 C - 2 scrolls of noise {unknown}
 D - 3 scrolls of blinking
 E - a scroll of random uselessness {unknown}
 G - 4 scrolls of enchant weapon {unknown}
 J - 2 scrolls of vulnerability {unknown}
 K - a scroll of fog {unknown}
 V - a scroll of silence {unknown}
Potions
 a - a potion of haste
 k - 6 potions of curing
 p - 6 potions of brilliance
 q - 4 potions of agility
 v - 6 potions of heal wounds
 w - 7 potions of flight
 z - 2 potions of might
 A - 2 potions of berserk rage
 L - a potion of invisibility {unknown}
Miscellaneous
 M - a phial of floods
Comestibles
 b - 30 rations


   Skills:
 - Level 12.0 Fighting
 - Level 9.1 Throwing
 - Level 5.4 Armour
 - Level 9.0 Dodging
 * Level 16.3 Unarmed Combat


You had 13 spell levels left.
You didn't know any spells.
Your spell library was empty.

Dungeon Overview and Level Annotations

Branches:
Dungeon (15/15)            Temple (0/1) D:5            Lair (6/6) D:11
 Shoals (0/4) Lair:2       Spider (0/4) Lair:2        Slime (0/5) Lair:5
    Orc (0/2) D:9          Vaults (0/5) D:13
 Depths: D:15

Altars:
Dithmenos
Elyvilon
Fedhas
Hepliaklqana
Kikubaaqudgha
Nemelex Xobeh
Okawaru
Qazlal
Vehumet

Shops:
D:4 *   D:5 :[**   D:6 *   D:9 =   D:11 ?

Annotations:
D:11 2 transporters
D:15 Louise; Nessos
Lair:1 1 runed door, PeterLawrence's ghost, journeyman MiFi


Innate Abilities, Weirdness & Mutations

You are too large for most types of armour.
You have claws for hands.
Your metabolism is lightning-fast.
You like to eat raw meat.
Your natural rate of healing is unusually fast.
You are covered in fur. (AC +1)
You have very tough skin. (AC +2)


Message History

The arrow hits you! The arrow burns you.
You are more poisoned.
Your ogre hits the fire dragon with a +0 giant spiked club.
Nessos shoots an arrow.
The arrow hits you!!
* * * LOW HITPOINT WARNING * * *
The arrow burns you.
You are more poisoned.
* * * LOW HITPOINT WARNING * * *
The fire dragon barely misses you. The fire dragon claws you!
* * * LOW HITPOINT WARNING * * *
The fire dragon tramples you!
* * * LOW HITPOINT WARNING * * *
You stumble backwards!
Unknown command.
A red film seems to cover your vision as you go berserk!
You feel yourself moving faster!
You feel mighty!
You feel a lot more hungry.
* * * LOW HITPOINT WARNING * * *
You feel very sick.
Nessos shoots an arrow.
The arrow hits you!
You die...

#$. #.# #$. #.# ..# #.#
.T .# . #D ##.# . #.
#.##..# .. #. #..O.^# K.
##.###.D8..# ...
...^##@...# ..c###
#...##.(.# #..c.#
#.#.###..# #.##
#.#...##c###.# #c.#
#..##....(...# ##.###
##..####..####
...##.(.######..# #....#
................###.##.#
..###...#.#.##...####
...


You could see 2 fire dragons, Nessos, a troll and a friendly ogre (berserk).

Vanquished Creatures
  A fire dragon (D:14)
  2 hydras
  2 centaur warriors
  Erica (D:11)
  A catoblepas (Lair:6)
  2 dancing weapons (D:13)
  3 two-headed ogres
  A deep troll shaman (Lair:6)
  5 death yaks (Lair:6)
  Sonja (Lair:1)
  Nergalle (D:11)
  3 skeletal warriors (D:13)
  4 unseen horrors
  A lindwurm (Lair:6)
  A wolf spider (Lair:2)
  4 manticores
  18 elephants
  3 ugly things
  2 deep elf magi (D:13)
  3 cyclopes
  Maurice (D:8)
  Joseph (D:9)
  3 gargoyles
  13 spiny frogs
  4 centaur skeletons
  2 kobold demonologists (D:13)
  5 komodo dragons
  A rime drake (Lair:6)
  6 trolls
  6 polar bears
  Prince Ribbit (D:6)
  3 jumping spiders (Lair:2)
  Grinder (D:5)
  7 dream sheep (Lair:4)
  7 blink frogs
  A snapping turtle (Lair:2)
  10 hippogriffs
  A vampire (D:13)
  A shadow (D:12)
  A wyvern (D:12)
  A redback (shapeshifter) (D:13)
  3 hogs (D:7)
  4 basilisks
  A human (D:7)
  32 yaks
  Grum (Lair:1)
  Eustachio (D:5)
  4 hungry ghosts
  4 vampire mosquitoes
  A soldier ant (D:13)
  2 acid dragons
  The ghost of Ratty the Grave Robber, an amateur DENe (D:3)
  14 water moccasins
  Duvessa (D:7)
  5 sky beasts
  2 ice beasts
  8 porcupines
  4 orc warriors
  3 black bears
  A necrophage (D:6)
  6 ogres
  6 phantoms
  20 wolves
  14 centaurs
  13 crocodiles
  2 big kobolds
  16 bullfrogs
  A wyvern zombie (D:13)
  Dowan (D:7)
  3 scorpions
  A troll zombie (D:9)
  8 wights
  4 howler monkeys
  2 electric eels
  8 crimson imps
  2 centaur zombies
  2 bullfrog zombies (D:6)
  6 hounds
  Crazy Yiuf (D:7)
  4 orc priests
  3 bullfrog skeletons
  8 jellies
  7 iguanas
  7 orc wizards
  A merfolk siren (Sewer)
  9 worker ants
  A merfolk avatar (Sewer)
  A bullfrog simulacrum (D:13)
  7 ogre zombies (D:9)
  2 hound skeletons
  A worker ant zombie (D:6)
  2 howler monkey skeletons
  4 gnolls (D:10)
  23 adders
  3 river rats (Sewer)
  3 shadow imps
  2 white imps (D:13)
  2 ufetubi (D:13)
  4 oozes
  2 adder zombies
  An adder skeleton (D:7)
  5 worms
  3 dart slugs
  10 leopard geckos
  45 orcs
  5 ball pythons
  9 giant cockroaches
  6 goblins
  13 hobgoblins
  9 jackals
  9 quokkas
  7 bats
  6 frilled lizards
  A giant cockroach zombie (D:6)
  2 goblin zombies (D:9)
  2 hobgoblin skeletons (D:9)
  2 hobgoblin zombies (D:9)
  A jackal skeleton (D:5)
  15 kobolds
  A leopard gecko skeleton (D:7)
  3 orc skeletons (D:9)
  16 orc zombies (D:9)
  A quokka skeleton (D:8)
  28 rats
  A bush (Lair:6)
  3 plants
643 creatures vanquished.

Vanquished Creatures (collateral kills)
  Erolcha (D:11)
  5 hydras
  Harold (Lair:1)
  2 death yaks (Lair:6)
  Psyche (D:11)
  2 elephants (Lair:6)
  4 komodo dragons
  A wyvern (D:11)
  A basilisk (D:14)
  A water moccasin (Lair:6)
  A bullfrog (Lair:1)
  A wyvern skeleton (D:14)
  2 wights (D:14)
  A crimson imp (D:14)
  An orc priest (D:14)
  An iguana (D:12)
  2 orc wizards (D:14)
  An orc (D:12)
  A plant (Lair:1)
30 creatures vanquished.

Vanquished Creatures (others)
  7 fungi
  7 plants
14 creatures vanquished.

Grand Total: 687 creatures vanquished

Notes
Turn   | Place    | Note
-------+----------+-------------------------------------------
     0 | D:1      | gruber the Troll Berserker began the quest for the Orb.
     0 | D:1      | Reached XP level 1. HP: 22/22 MP: 0/0
    44 | D:1      | Reached XP level 2. HP: 29/29 MP: 1/1
   145 | D:1      | Reached skill level 4 in Unarmed Combat
   235 | D:1      | Reached XP level 3. HP: 36/36 MP: 2/2
   240 | D:1      | Reached ** piety under Trog
   675 | D:2      | Reached XP level 4. HP: 44/44 MP: 3/3
   714 | D:2      | Reached skill level 5 in Unarmed Combat
   928 | D:2      | Found a radiant altar of Vehumet.
  1367 | D:3      | Found a runed door.
  1372 | D:3      | Noticed Ratty's ghost (amateur DENe)
  1378 | D:3      | Reached XP level 5. HP: 50/50 MP: 4/4
  1391 | D:3      | Reached *** piety under Trog
  1391 | D:3      | Reached skill level 6 in Unarmed Combat
  1394 | D:3      | Killed Ratty's ghost
  1394 | D:3      | Reached XP level 6. HP: 59/59 MP: 5/5
  1801 | D:4      | Found Moutsose's Assorted Antiques.
  1815 | D:4      | Reached skill level 7 in Unarmed Combat
  1990 | D:4      | Reached skill level 8 in Unarmed Combat
  1990 | D:4      | Reached XP level 7. HP: 51/66 MP: 6/6
  2614 | D:5      | Entered Level 5 of the Dungeon
  2746 | D:5      | Reached skill level 9 in Unarmed Combat
  2797 | D:5      | Found Caxuq's Book Boutique.
  2806 | D:5      | Found Awaonyp's Antique Armour Emporium.
  2819 | D:5      | Reached **** piety under Trog
  2827 | D:5      | Noticed Grinder
  2856 | D:5      | Killed Grinder
  2856 | D:5      | Reached skill level 10 in Unarmed Combat
  2856 | D:5      | Reached XP level 8. HP: 62/74 MP: 7/7
  2863 | D:5      | Found an ancient bone altar of Kikubaaqudgha.
  2914 | D:5      | Found Miopet's Assorted Antiques.
  3001 | D:5      | Noticed Eustachio
  3019 | D:5      | Killed Eustachio
  3031 | D:5      | Reached skill level 11 in Unarmed Combat
  3076 | D:5      | Found a staircase to the Ecumenical Temple.
  3155 | D:5      | Found Nuxoetyrey's General Store.
  3163 | D:5      | Bought a scroll of teleportation for 30 gold pieces
  3163 | D:5      | Bought a scroll of identify for 20 gold pieces
  3163 | D:5      | Bought a scroll of remove curse for 30 gold pieces
  3163 | D:5      | Bought a scroll of enchant armour for 75 gold pieces
  3255 | D:6      | Found a white marble altar of Elyvilon.
  3704 | D:6      | Found Ysenyf's General Store.
  3721 | D:6      | Bought a potion of heal wounds for 75 gold pieces
  3740 | D:6      | Found a shadowy altar of Dithmenos.
  3740 | D:6      | Found a hazy altar of Hepliaklqana.
  3774 | D:6      | Found a glowing drain.
  3783 | Sewer    | Entered a sewer
  3891 | Sewer    | Reached XP level 9. HP: 74/80 MP: 8/8
  3999 | Sewer    | Reached ***** piety under Trog
  3999 | Sewer    | Received a gift from Trog
  4017 | Sewer    | Reached skill level 12 in Unarmed Combat
  4270 | D:6      | Noticed Prince Ribbit
  4281 | D:6      | Killed Prince Ribbit
  4443 | D:6      | Reached skill level 13 in Unarmed Combat
  4471 | D:6      | Reached skill level 1 in Armour
  4476 | D:6      | Noticed a red ugly thing
  4478 | D:6      | Noticed a troll
  4485 | D:6      | Killed a red ugly thing
  4487 | D:6      | Killed a troll
  4901 | D:7      | Reached XP level 10. HP: 63/91 MP: 9/9
  4930 | D:7      | Noticed Duvessa
  4938 | D:7      | Noticed Dowan
  4940 | D:7      | Killed Duvessa
  4942 | D:7      | Killed Dowan
  5274 | D:7      | Found a sparkling altar of Nemelex Xobeh.
  5510 | D:7      | Found a runed door.
  5756 | D:7      | Noticed Crazy Yiuf
  5762 | D:7      | Killed Crazy Yiuf
  5982 | D:8      | Noticed Maurice
  5997 | D:8      | Killed Maurice
  5997 | D:8      | Reached skill level 5 in Fighting
  6563 | D:9      | Found an iron altar of Okawaru.
  6596 | D:9      | Noticed a purple ugly thing
  6610 | D:9      | Killed a purple ugly thing
  6610 | D:9      | Reached skill level 5 in Armour
  6732 | D:9      | Found a blossoming altar of Fedhas.
  6837 | D:9      | Found a stormy altar of Qazlal.
  6853 | D:9      | Noticed Joseph
  6865 | D:9      | Killed Joseph
  6865 | D:9      | Reached skill level 5 in Dodging
  6954 | D:9      | Found Xoezuyfe's Jewellery Shoppe.
  7022 | D:9      | Found a staircase to the Orcish Mines.
  7024 | D:9      | Reached XP level 11. HP: 93/104 MP: 10/10
  7036 | D:9      | Reached ****** piety under Trog
  7350 | D:10     | Entered Level 10 of the Dungeon
  7446 | D:10     | Received a gift from Trog
  7682 | D:10     | Got a vibrating lead ring
  7710 | D:10     | Identified the ring "Milon" {Wiz MR+} (You found it on
                  | level 10 of the Dungeon)
  7849 | D:10     | Killed an unseen horror
  7913 | D:11     | Noticed Erolcha
  7918 | D:11     | Noticed Psyche
  7918 | D:11     | Noticed Erica
  7936 | D:11     | Killed Psyche
  7936 | D:11     | Killed Erolcha
  7942 | D:11     | Killed Erica
  8066 | D:11     | Killed an unseen horror
  8206 | D:11     | Noticed Nergalle
  8233 | D:11     | Killed Nergalle
  8284 | D:11     | Found Unuary's Magic Scroll Shoppe.
  8291 | D:11     | Bought a scroll of blinking for 97 gold pieces
  8321 | D:11     | Found a staircase to the Lair.
  8346 | D:11     | Found a transporter.
  8348 | D:11     | Noticed a deep troll earth mage
  8360 | D:11     | Found a transporter.
  8366 | D:11     | Noticed a harpy
  8366 | D:11     | a black mamba changed into a harpy
  8368 | D:11     | a harpy changed into a spriggan
  8705 | D:12     | Reached XP level 12. HP: 72/117 MP: 11/11
  8983 | D:12     | Noticed a seven-headed hydra
  8989 | D:12     | Killed a six-headed hydra
  9418 | D:12     | Noticed a two-headed ogre
  9442 | D:12     | Killed a two-headed ogre
  9834 | D:13     | Noticed a two-headed ogre
  9872 | D:13     | Killed a two-headed ogre
  9954 | D:13     | Found a gate to the Vaults.
  9965 | D:13     | Reached skill level 10 in Fighting
  9990 | D:13     | Noticed a centaur warrior
 10007 | D:13     | Killed a centaur warrior
 10009 | D:13     | Received a gift from Trog
 10039 | Lair:1   | Entered Level 1 of the Lair of Beasts
 10043 | Lair:1   | Noticed Sonja
 10054 | Lair:1   | Killed Sonja
 10194 | Lair:1   | Noticed Harold
 10204 | Lair:1   | Killed Harold
 10507 | Lair:1   | Found a runed door.
 10507 | Lair:1   | Noticed PeterLawrence's ghost (journeyman MiFi)
 10509 | Lair:1   | Noticed Grum
 10524 | Lair:1   | Killed Grum
 10849 | Lair:2   | Reached XP level 13. HP: 62/136 MP: 12/12
 11255 | Lair:2   | Found a hole to the Spider Nest.
 11538 | Lair:2   | Found a staircase to the Shoals.
 12648 | Lair:4   | Received a gift from Trog
 12758 | Lair:4   | Reached skill level 14 in Unarmed Combat
 12898 | Lair:4   | Reached skill level 1 in Throwing
 13635 | Lair:5   | Reached skill level 5 in Throwing
 13780 | Lair:5   | Received a gift from Trog
 13830 | Lair:5   | Got a slimy broad axe
 13953 | Lair:5   | Identified the +5 broad axe of Awkwardness {elec, rPois
                  | Stlth+} (You found it on level 5 of the Lair of Beasts)
 14070 | Lair:5   | Found a staircase to the Slime Pits.
 14443 | Lair:6   | Entered Level 6 of the Lair of Beasts
 14475 | Lair:6   | Received a gift from Trog
 14480 | Lair:6   | Got a fine giant club {god gift}
 14481 | Lair:6   | Identified the +6 giant club of the Desert {drain, +Inv
                  | SInv} (Trog gifted it to you on level 6 of the Lair of
                  | Beasts)
 14508 | Lair:6   | Reached XP level 14. HP: 142/148 MP: 13/13
 16014 | D:5      | Bought the +2 cloak of the Thief {+Fog Slay-2 SInv Stlth+}
                  | for 422 gold pieces
 16014 | D:5      | Found the +2 cloak of the Thief {+Fog Slay-2 SInv Stlth+}
 16216 | D:13     | Reached skill level 15 in Unarmed Combat
 16692 | D:13     | Received a gift from Trog
 17234 | D:14     | Reached skill level 16 in Unarmed Combat
 17620 | D:15     | Entered Level 15 of the Dungeon
 17620 | D:15     | Noticed Nessos
 17739 | D:15     | Noticed Louise
 17803 | D:15     | HP: 3/148 [fire dragon (8)]
 17804 | D:15     | Shot with an arrow by Nessos

Vault maps used:
D:1:      kennysheep_arrival_seaside, hangedman_abyss_or_decor_lesser_grid
D:2:      vehumet_crystals, first_ration
D:3:      ebering_ghost_sewer_d
D:4:      serial_shops, nicolae_shop_behind_doors, kennysheep_path_1
D:5:      lemuel_crystal_altar, minmay_temple_entry_overgrown, serial_shops,
          shop, kennysheep_mini, nicolae_shop_competitors_out_of_business,
          nicolae_shop_overgrown_old_shop, uniq_eustachio, uniq_grinder
D:6:      kennysheep_windowed_halls, old_standard_altar,
          gammafunk_temple_overflow_wave, portal_sewer_entry_f, serial_shops,
          shop, chequers_big_river, uniq_prince_ribbit1
D:7:      marbit_many_paths, grunt_livestock, uniq_duvessa,
          uniq_crazy_yiuf_cottage
D:8:      uniq_maurice
D:9:      grunt_temple_overflow_forces_of_nature, okawaru_trees_2,
          zombieorc2_lemuel, serial_shops, nicolae_shop_behind_doors, hex_large,
          small_chamber_with_monster, uniq_joseph
D:11:     gammafunk_sealed_arena, grunt_lair_entry_orc_guard_hut, serial_shops,
          shop, uniq_erolcha, uniq_erica, uniq_psyche, uniq_nergalle
D:12:     spider_trap
D:13:     erik_vaults_1, serial_ice, serial_ice_e, serial_ice_g, serial_ice_h,
          serial_ice_d, minivault_19
D:14:     minmay_misc_feat_columns
D:15:     grunt_enter_depths_hoard, serial_glass, glass_columns_a,
          glass_columns_a, nicolae_dithmenos_the_darkroom, basic_altar,
          minmay_misc_feat_pillars, uniq_louise, uniq_nessos, uniq_roxanne
Lair:1:   hellmonk_ghost_happy_afterlife, grunt_megastairs_3, uniq_sonja,
          uniq_harold, uniq_grum
Lair:2:   wander_river, minmay_shoals_entry_hut, spider_nest_entry_funnel_web,
          grunt_megastairs_1, serial_bayou_shore_a, serial_bayou_shore_b,
          lemuel_fruit_tree
Lair:3:   beast_lair_carwin_5
Lair:4:   infiniplex_staircase_pool_2
Lair:5:   nicolae_slime_entry_slimehenge
Lair:6:   grunt_lair_end_beastmaster, lemuel_fruit_fields
Sewer:    sewer_sea

Skill      XL: |  1  2  3  4  5  6  7  8  9 10 11 12 13 14 |
---------------+-------------------------------------------+-----
Unarmed Combat | 4 5 6 8 10 11 13 14 16 | 16.3
Armour         | 2 5 |  5.4
Fighting       | 3 6 7 11 12 | 12.0
Dodging        | 3 5 9 |  9.0
Throwing       | 7 9 |  9.1

Action                   |  1- 3 |  4- 6 |  7- 9 | 10-12 | 13-15 || total
-------------------------+-------+-------+-------+-------+-------++-------
Melee: Unarmed           |    84 |   112 |   324 |   649 |   739 ||  1908
       Punch             |     4 |     1 |    13 |    60 |    59 ||   137
Throw: Large rock        |       |       |       |       |    21 ||    21
Invok: Berserk           |       |     1 |     1 |       |     3 ||     5
       Trog's Hand       |       |       |     1 |     3 |     5 ||     9
       Brothers in Arms  |       |       |       |     3 |     7 ||    10
  Use: Scroll            |       |       |     8 |     2 |     2 ||    12
 Stab: Sleeping          |     1 |     6 |    10 |     7 |    15 ||    39
       Distracted        |       |       |     1 |       |     2 ||     3
  Eat: Chunk             |     7 |    13 |    31 |    66 |    73 ||   190
       Ration            |       |       |       |     1 |       ||     1
Armor: Animal skin       |    23 |    37 |    72 |     3 |       ||   135
       Robe              |       |       |       |   171 |   180 ||   351
Dodge: Dodged            |    29 |    50 |   122 |   327 |   497 ||  1025

Table legend:
 A = Non-vault XP
 B = Vault XP
 C = Vault XP percentage of total XP
 D = Non-vault monster count
 E = Vault monster count
 F = Vault count percentage of total count
                 A         B        C        D         E       F
            +---------+---------+-------+---------+---------+-------
      Total |   75367 |   24284 |  24.4 |     496 |     172 |  25.7
            +---------+---------+-------+---------+---------+-------
        D:1 |      53 |       0 |   0.0 |      26 |       0 |   0.0
        D:2 |      85 |       0 |   0.0 |      26 |       0 |   0.0
        D:3 |      94 |     176 |  65.2 |      14 |       3 |  17.6
        D:4 |     498 |       0 |   0.0 |      25 |       0 |   0.0
        D:5 |     785 |     458 |  36.8 |      28 |       2 |   6.7
        D:6 |     875 |    2026 |  69.8 |      22 |      23 |  51.1
        D:7 |    1034 |    1294 |  55.6 |      24 |       9 |  27.3
        D:8 |     684 |     508 |  42.6 |      10 |       1 |   9.1
        D:9 |    1971 |    1327 |  40.2 |      21 |      38 |  64.4
       D:10 |    2573 |       0 |   0.0 |      22 |       0 |   0.0
       D:11 |    2589 |    2919 |  53.0 |      32 |       9 |  22.0
       D:12 |    5770 |       0 |   0.0 |      25 |       0 |   0.0
       D:13 |   12214 |    2294 |  15.8 |      43 |       9 |  17.3
       D:14 |    7986 |       0 |   0.0 |      35 |       0 |   0.0
       D:15 |    2077 |       0 |   0.0 |       6 |       0 |   0.0
     Lair:1 |    2433 |    2343 |  49.1 |      13 |       6 |  31.6
     Lair:2 |    3960 |    1735 |  30.5 |      21 |       5 |  19.2
     Lair:3 |    4246 |     276 |   6.1 |      21 |       3 |  12.5
     Lair:4 |    5892 |       0 |   0.0 |      23 |       0 |   0.0
     Lair:5 |    9095 |     157 |   1.7 |      29 |       6 |  17.1
     Lair:6 |   10453 |    8577 |  45.1 |      30 |      19 |  38.8
      Sewer |       0 |     194 | 100.0 |       0 |      39 | 100.0
            +---------+---------+-------+---------+---------+-------
